 Dungeon Crawl Stone Soup version 0.27-a0-955-gb57c80000f (webtiles) character file.

Game seed: 15378119545321868308

45560 Bapho the Spear-Bearer (level 14, -1/113 HPs)
             Began as a Merfolk Gladiator on Apr 10, 2021.
             Was an Elder of the Shining One.
             Slain by a meliai
             ... wielding a +0 war axe
              (5 damage)
             ... on level 5 of the Lair of Beasts on Apr 12, 2021.
             The game lasted 00:39:52 (16335 turns).

Bapho the Spear-Bearer (Merfolk Gladiator)         Turns: 16335, Time: 00:39:53

Health: -1/113     AC: 14    Str: 21    XL:     14   Next: 33%
Magic:  13/13      EV: 18    Int:  8    God:    the Shining One [****..]
Gold:   1165       SH:  0    Dex: 17    Spells: 13/13 levels left

rFire    + . .     SeeInvis +   a - +6 spear (distort)
rCold    . . .     Faith    .   (no shield)
rNeg     + + .     Spirit   .   B - +3 ring mail {Will+}
rPois    .         Reflect  .   o - +2 helmet of the Cooper {Regen+ MP-9 Str+4 SInv}
rElec    .         Harm     .   (no cloak)
rCorr    +         Rampage  .   k - +0 pair of gloves
Will     ++...                  q - +0 pair of boots
Stlth    +.........             z - amulet of regeneration
HPRegen  2.28/turn              U - ring of protection from fire
MPRegen  0.13/turn              f - ring of resist corrosion

@: glowing
A: (nimble swimmer 2), mertail
a: Renounce Religion, Divine Shield, Cleansing Flame


You were on level 5 of the Lair of Beasts.
You worshipped the Shining One.
The Shining One was greatly pleased with you.
You visited 3 branches of the dungeon, and saw 16 of its levels.
You visited the Abyss 1 time.
You also visited: Gauntlet and Volcano.

You collected 1165 gold pieces.

Inventory:

Hand Weapons
 a - a +6 spear of distortion (weapon)
 N - a +4 hand crossbow
Missiles
 g - 346 stones (quivered)
 J - 66 bolts
 P - 43 poisoned darts
 Q - a curare-tipped dart
Armour
 c - a +0 helmet
 k - a +0 pair of gloves (worn)
 o - the +2 helmet of the Cooper (worn) {Regen+ MP-9 Str+4 SInv}
   (You found it in a Gauntlet)

   It affects your strength (+4).
   It affects your magic capacity (-9).
   It lets you see invisible.
   It increases your rate of health regeneration.
 q - a +0 pair of boots (worn)
 B - a +3 ring mail of willpower (worn)
 F - +1 fire dragon scales
Jewellery
 f - a ring of resist corrosion (right hand)
 r - a +4 ring of protection
 u - a ring of willpower
 z - an amulet of regeneration (around neck)
 A - a ring of protection from fire
 I - an amulet of the acrobat
 U - a ring of protection from fire (left hand)
Wands
 b - a wand of digging (4)
 i - a wand of iceblast (10)
 G - a wand of removedness (21)
 L - a wand of acid (12)
 R - a wand of polymorph (13)
 S - a wand of mindburst (8)
 T - a wand of flame (19)
Scrolls
 d - a scroll of brand weapon
 e - a scroll of magic mapping
 l - 6 scrolls of teleportation
 m - 2 scrolls of blinking
 n - 3 scrolls of amnesia
 s - 3 scrolls of noise
 t - 2 scrolls of holy word
 w - a scroll of enchant weapon
 x - 3 scrolls of enchant armour
 y - a scroll of vulnerability
 D - 2 scrolls of fog
 K - 2 scrolls of torment
 V - a scroll of immolation
Potions
 h - 3 potions of heal wounds
 j - 8 potions of curing
 p - 3 potions of mutation
 v - 4 potions of flight
 C - 4 potions of haste
 E - 5 potions of might
 H - 3 potions of brilliance
 M - 3 potions of lignification
 O - a potion of ambrosia
 W - a potion of berserk rage
 Z - a potion of magic


   Skills:
 + Level 11.4 Fighting
 - Level 14.0 Polearms
 - Level 6.8 Crossbows
 - Level 2.0 Throwing
 + Level 3.4 Armour
 - Level 12.3 Dodging
 - Level 11.2 Invocations
 - Level 11.5 Evocations


You had 13 spell levels left.
You didn't know any spells.
Your spell library contained the following spells:

 Spells                   Type           Power      Damage    Failure   Level
 Corona                   Hex            0%         N/A       56%         1
 Sting                    Tmut/Pois      0%         1d3       56%         1
 Poisonous Vapours        Pois/Air       0%         N/A       71%         2
 Slow                     Hex            0%         N/A       71%         2
 Ignite Poison            Fire/Tmut/Pois 0%         N/A       91%         3
 Inner Flame              Hex/Fire       0%         N/A       91%         3
 Mephitic Cloud           Conj/Pois/Air  0%         N/A       91%         3
 Portal Projectile        Hex/Tloc       0%         N/A       91%         3
 Cause Fear               Hex            0%         N/A       100%        4
 Leda's Liquefaction      Hex/Erth       0%         N/A       100%        4
 Olgreb's Toxic Radiance  Pois           0%         N/A       100%        4
 Summon Forest            Summ/Tloc      0%         N/A       100%        5
 Summon Mana Viper        Hex/Summ       0%         N/A       100%        5
 Shadow Creatures         Summ           N/A        N/A       100%        6
 Summon Hydra             Summ           0%         N/A       100%        7


Dungeon Overview and Level Annotations

Branches:
Dungeon (10/15)            Temple (1/1) D:7            Lair (5/6) D:10
  Swamp (0/4) Lair:3       Spider (0/4) Lair:2        Slime (0/5) Lair:5
Volcano (visited)         Gauntlet (visited)
    Orc: D:9-12

Altars:
Ashenzari
Cheibriados
Dithmenos
Elyvilon
Fedhas
Gozag
Hepliaklqana
Kikubaaqudgha
Makhleb
Nemelex Xobeh
Okawaru
Qazlal
Ru
Sif Muna
Trog
Uskayaw
Vehumet
Wu Jian
Xom
Yredelemnul
Zin
The Shining One
Jiyva

Shops:
D:10 :

Annotations:
D:8 1 runed translucent door, CakeIsGreat's ghost, novice GrEE
Lair:5 1 runed translucent door


Innate Abilities, Weirdness & Mutations

((You are quick and stealthy near water. (Stealth+, EV+, Speed+++)))
Your lower body shifts to a powerful aquatic tail in water.


Message History

The meliai is lightly wounded.
The meliai hits you but does no damage. The meliai barely misses you.
The killer bee barely misses you. The meliai hits you with a +0 war axe!
The meliai stings you.
The queen bee calls on the killer bee to defend it!
The killer bee goes berserk!
The killer bee barely misses you.
You hit the meliai.
The meliai is moderately wounded.
The meliai blinks!
You feel sick. The killer bee misses you.
The killer bee stings you but does no damage.
The killer bee stings you.
You feel sick.
The killer bee stings you but does no damage.
The killer bee stings you. The killer bee misses you.
The killer bee barely misses you.
You feel sick. The killer bee misses you. The killer bee barely misses you.
The killer bee stings you but does no damage.
The killer bee completely misses you. x2; The killer bee stings you.
You hit the meliai but do no damage.
Space bends around the meliai.
The meliai is moderately wounded.
The killer bee is no longer berserk.
The killer bee completely misses you. The meliai hits you with a +0 war axe!
The meliai stings you. The killer bee misses you.
The killer bee barely misses you.
Okay, then.
Blink to where?
Press: ? - help, Dir - move target
As you read the scroll of blinking, it crumbles to dust.
You feel sick.
You hear an angry buzzing noise.
You feel sick.
You are no longer poisoned.
The killer bee rages.
There is a stone staircase leading up here.
The meliai hits you with a +0 war axe!
* * * LOW HITPOINT WARNING * * *
The meliai barely misses you. The meliai hits you with a +0 war axe!!
* * * LOW HITPOINT WARNING * * *
The meliai barely misses you. The killer bee misses you.
The meliai hits you with a +0 war axe.
You die...

#....)#................
#.....#............>....
#..P..#........................
.....†..........................
.................................
.....#...........................
.######..........................
## #.......................... #
##.........@................
#.........yyy...............
####...........................
###.###.........y................
.#.####............>.............
..................y..............
.................y.....(.........
......................†††........
..................§..............


You could see a queen bee, a meliai (berserk) and 4 killer bees.

Vanquished Creatures
  3 hydras
  A dancing weapon (Volcano)
  2 thrashing horrors (Gauntlet)
  A death yak (Lair:2)
  2 sixfirhies (Gauntlet)
  Pikel (D:8)
  5 wizards (Volcano)
  An obsidian statue (Gauntlet)
  A wolf spider (Lair:2)
  2 oklob plants (Lair:5)
  4 toenail golems (Volcano)
  A centaur zombie (D:10)
  7 elephants
  5 black mambas
  A smoke demon (Gauntlet)
  9 cane toads
  2 rime drakes
  5 komodo dragons
  A jumping spider (Lair:2)
  2 trolls (D:10)
  A polar bear (Lair:5)
  6 blink frogs (Lair:2)
  3 slime creatures (D:7)
  A redback (Lair:2)
  3 spriggans (Lair:3)
  A wyvern (Lair:3)
  28 yaks
  5 basilisks
  3 steam dragons
  2 vampire mosquitoes (D:10)
  17 water moccasins
  A hornet zombie (D:6)
  A black bear (Lair:3)
  2 orc warriors (D:9)
  4 necrophages
  3 ogres
  8 wolves
  4 centaurs
  2 lemures (D:8)
  3 kobold brigands
  14 bullfrogs
  A gnoll sergeant (D:4)
  9 killer bees
  6 wights
  2 howler monkeys
  4 crimson imps (Gauntlet)
  A jelly (D:6)
  A centaur skeleton (D:7)
  3 hounds
  4 orc priests
  2 gnoll shamans
  Terence (D:2)
  Jessica (D:3)
  Ijyb (D:3)
  6 orc wizards
  Natasha (twice) (D:3)
  2 hell rats (Lair:4)
  2 small abominations (Gauntlet)
  A hound skeleton (D:4)
  A howler monkey zombie (D:6)
  17 gnolls
  11 adders
  4 shadow imps
  An adder skeleton (D:4)
  2 worms
  4 dart slugs
  17 orcs
  5 ball pythons
  5 endoplasms
  3 giant cockroaches
  12 goblins
  8 hobgoblins
  3 jackals (D:2)
  2 quokkas
  4 bats
  4 frilled lizards
  16 kobolds
  10 rats
  A spectral orc (D:8)
347 creatures vanquished.

Vanquished Creatures (collateral kills)
  2 oklob plants (Lair:5)
2 creatures vanquished.

Vanquished Creatures (others)
  10 fungi
  40 plants
50 creatures vanquished.

Grand Total: 399 creatures vanquished

Notes
Turn   | Place    | Note
-------+----------+-------------------------------------------
     0 | D:1      | Bapho the Merfolk Gladiator began the quest for the Orb.
     0 | D:1      | Reached XP level 1. HP: 16/16 MP: 1/1
   204 | D:1      | Reached skill level 5 in Polearms
   243 | D:1      | Reached XP level 2. HP: 22/22 MP: 2/2
  1235 | D:2      | Reached skill level 6 in Polearms
  1235 | D:2      | Reached XP level 3. HP: 25/27 MP: 3/3
  1885 | D:2      | Noticed Terence
  1900 | D:2      | Killed Terence
  1901 | D:2      | Reached skill level 7 in Polearms
  1901 | D:2      | Reached XP level 4. HP: 28/33 MP: 4/4
  2455 | D:2      | Reached skill level 8 in Polearms
  2455 | D:2      | Reached XP level 5. HP: 38/38 MP: 5/5
  3135 | D:3      | Noticed Ijyb
  3167 | D:3      | Killed Ijyb
  3380 | D:3      | Noticed Jessica
  3391 | D:3      | Killed Jessica
  3392 | D:3      | Reached skill level 9 in Polearms
  3626 | D:3      | Noticed Natasha
  3632 | D:3      | Reached XP level 6. HP: 30/44 MP: 6/6
  3643 | D:3      | Killed Natasha
  3660 | D:3      | Noticed Natasha
  3684 | D:3      | Killed Natasha
  3821 | D:3      | Reached skill level 10 in Polearms
  4589 | D:4      | Reached skill level 11 in Polearms
  4589 | D:4      | Reached XP level 7. HP: 35/50 MP: 7/7
  4734 | D:4      | Cast into level 2 of the Abyss (gnoll sergeant)
  4742 | D:4      | Escaped the Abyss
  5609 | D:5      | Entered Level 5 of the Dungeon
  5748 | D:5      | Reached skill level 12 in Polearms
  5854 | D:5      | Reached skill level 13 in Polearms
  5854 | D:5      | Reached XP level 8. HP: 54/56 MP: 8/8
  6214 | D:6      | Reached skill level 14 in Polearms
  6245 | D:6      | Reached skill level 5 in Dodging
  6533 | D:6      | Reached XP level 9. HP: 56/66 MP: 9/9
  6629 | D:6      | Reached skill level 5 in Fighting
  7843 | D:7      | Found a staircase to the Ecumenical Temple.
  7849 | Temple   | Entered the Ecumenical Temple
  7954 | Temple   | Became a worshipper of the Shining One
  8102 | D:8      | Reached XP level 10. HP: 55/80 MP: 10/10
  8171 | D:8      | Found a basalt altar of Yredelemnul.
  8244 | D:8      | Reached skill level 10 in Dodging
  8476 | D:8      | Found a runed translucent door.
  8476 | D:8      | Noticed CakeIsGreat's ghost (novice GrEE)
  8590 | D:8      | Noticed Pikel
  8599 | D:8      | Killed Pikel
  8636 | D:8      | Reached * piety under the Shining One
  9515 | D:9      | Reached skill level 10 in Fighting
  9590 | D:9      | You fall into a shaft and drop 1 floor!
  9590 | D:10     | Entered Level 10 of the Dungeon
  9590 | D:10     | Found a staircase to the Lair.
  9664 | D:9      | Upgraded the game from 0.27-a0-926-g0e6d9124c6 to
                  | 0.27-a0-955-gb57c80000f
  9979 | D:10     | Reached skill level 1 in Evocations
  9979 | D:10     | Reached XP level 11. HP: 91/91 MP: 11/11
 10162 | D:10     | Found Piupet's Book Shop.
 10177 | Lair:1   | Entered Level 1 of the Lair of Beasts
 10178 | Lair:1   | Reached ** piety under the Shining One
 10204 | D:10     | Reached skill level 5 in Evocations
 10358 | Lair:1   | Found a dark tunnel.
 10370 | Volcano  | Entered a volcano
 10372 | Volcano  | Noticed a wizard
 10381 | Volcano  | Killed a wizard
 10409 | Volcano  | Noticed a wizard
 10412 | Volcano  | Killed a wizard
 10430 | Volcano  | Noticed a wizard
 10443 | Volcano  | Killed a wizard
 10466 | Volcano  | Noticed a wizard
 10470 | Volcano  | Killed a wizard
 10470 | Volcano  | Noticed a wizard
 10474 | Volcano  | Killed a wizard
 10475 | Volcano  | Reached XP level 12. HP: 97/97 MP: 12/12
 10479 | Volcano  | Reached skill level 10 in Evocations
 10993 | Lair:1   | Noticed a seven-headed hydra
 10999 | Lair:1   | Banished a seven-headed hydra
 11247 | Lair:1   | Reached skill level 1 in Invocations
 11640 | Lair:2   | Found a gate leading to a gauntlet.
 11651 | Gauntlet | Entered a Gauntlet
 11651 | Gauntlet | Found a transporter.
 11654 | Gauntlet | Noticed a soul eater
 11658 | Gauntlet | Found a transporter.
 11658 | Gauntlet | Found a transporter.
 11658 | Gauntlet | Found a transporter.
 11667 | Gauntlet | Banished a soul eater
 11668 | Gauntlet | Reached skill level 5 in Invocations
 11669 | Gauntlet | Reached *** piety under the Shining One
 11782 | Gauntlet | Found a transporter.
 11782 | Gauntlet | Found a transporter.
 11791 | Gauntlet | Found a transporter.
 11803 | Gauntlet | Noticed a thrashing horror
 11813 | Gauntlet | Noticed a thrashing horror
 11813 | Gauntlet | Found a transporter.
 11813 | Gauntlet | Found a transporter.
 11813 | Gauntlet | Found a transporter.
 11822 | Gauntlet | Killed a thrashing horror
 11834 | Gauntlet | Killed a thrashing horror
 11950 | Gauntlet | Found a runed translucent door.
 11952 | Gauntlet | Found a runed translucent door.
 11955 | Gauntlet | Found a transporter.
 11955 | Gauntlet | Found a transporter.
 11955 | Gauntlet | Found a transporter.
 11967 | Gauntlet | Identified the +2 helmet of the Cooper {Regen+ MP-9 Str+4
                  | SInv}
 12005 | Gauntlet | Found a transporter.
 12024 | Gauntlet | Noticed a minotaur
 12049 | Gauntlet | Banished a minotaur
 12050 | Gauntlet | Reached XP level 13. HP: 22/103 MP: 10/19
 12312 | Lair:2   | Reached skill level 10 in Invocations
 12665 | Lair:2   | Found a hole to the Spider Nest.
 12666 | Lair:2   | Reached **** piety under the Shining One
 12801 | Lair:2   | Reached skill level 1 in Crossbows
 12855 | Lair:2   | You fall into a shaft and drop 1 floor!
 13773 | Lair:3   | Reached skill level 5 in Crossbows
 13919 | Lair:3   | Found a staircase to the Swamp.
 13995 | Lair:3   | Found an iron altar of Okawaru.
 14656 | Lair:4   | Reached XP level 14. HP: 93/111 MP: 13/22
 14662 | Lair:4   | Reached skill level 1 in Armour
 15905 | Lair:5   | Found a runed translucent door.
 15905 | Lair:5   | Found a viscous altar of Jiyva.
 15906 | Lair:5   | Found a staircase to the Slime Pits.
 15906 | Lair:5   | Noticed an acid blob
 16335 | Lair:5   | HP: 4/113 [meliai/+0 war axe (28)]
 16335 | Lair:5   | Slain by a meliai

Illustrated notes

Levels and vault maps discovered:
D:1:      amcnicky_arrival_double_pillar, layout_basic, serial_aquarium,
          aquarium_bridge_straight [aquarium_subvault_bridge,
          aquarium_subvault_window, aquarium_subvault_bridge,
          aquarium_subvault_window], aquarium_window_corner,
          aquarium_window_corridor_1, aquarium_view_2c, aquarium_view_2b
D:2:      layout_loops_corners, minmay_divided_ellipse, uniq_terence
D:3:      minmay_door_path, layout_basic, uniq_ijyb, uniq_jessica, uniq_natasha
D:4:      layout_cave_pools
D:5:      layout_rooms, st_stairs_8
D:6:      layout_basic, grunt_ministairs_15
D:7:      layout_loops_corners, minmay_temple_entry_fiery, serial_rivers,
          chequers_serial_rivers_micro_e, chequers_serial_rivers_small_a,
          chequers_serial_rivers_micro_a, chequers_serial_rivers_small_a,
          st_stairs_2
D:8:      layout_loops_ring, yredelemnul_forgotten_temple_becter,
          gammafunk_ghost_grave, uniq_pikel
D:9:      layout_basic
D:10:     layout_rooms, lair_entry_dummy, serial_shops,
          nicolae_shop_behind_doors, minmay_misc_feat_square
Temple:   grunt_wide_crystal_templ
Lair:1:   layout_loops_ring, nicolae_volcano_entry_lava_flow,
          serial_bayou_shore_a
Lair:2:   layout_roguey, spider_nest_entry_funnel_web, gauntlet_entry_generic,
          small_statue_intersection, nzn_random_ring, infiniplex_staircase_pool,
          serial_bayou_shore_b
Lair:3:   layout_gridlike, palyth_hydra_swamp_entry, lemuel_altar_in_water2,
          grunt_forest_small_clearings, wad_woods_02
Lair:4:   layout_loops_ring, grunt_megastairs_2
Lair:5:   layout_long_grid, slime_altar_2, special_room [special_room_bee],
          minmay_lair_oklob_chamber, serial_bayou_shore_b

Skill      XL: |  1  2  3  4  5  6  7  8  9 10 11 12 13 14 |
---------------+-------------------------------------------+-----
Polearms       | 5 6 7 8 9 11 13 14 | 14.0
Fighting       | 4 7 10 11 | 11.4
Dodging        | 6 9 12 | 12.3
Evocations     | 1 9 11 | 11.5
Invocations    | 9 11 | 11.2
Crossbows      | 6 |  6.8
Armour         | 3 |  3.4
Throwing       | |  2.0

Action                   |  1- 3 |  4- 6 |  7- 9 | 10-12 | 13-15 || total
-------------------------+-------+-------+-------+-------+-------++-------
Melee: Trident           |    83 |   193 |    17 |       |       ||   293
       Spear             |       |       |   209 |   434 |   449 ||  1092
       Tailslap          |       |       |       |       |    10 ||    10
Throw: Stone             |    31 |    70 |   164 |   132 |   174 ||   571
Evoke: Wand              |       |       |     3 |       |     3 ||     6
  Use: Scroll            |       |     6 |     4 |     8 |    11 ||    29
       Potion            |       |     3 |       |     1 |       ||     4
Armor: Leather armour    |     6 |    10 |       |       |       ||    16
       Ring mail         |       |    21 |    40 |    43 |   100 ||   204
Dodge: Dodged            |    44 |    78 |    45 |   153 |   244 ||   564

Table legend: (Time is in decaauts)
 A = Elapsed time spent in this place.
 B = Non-inter-level travel time spent in this place.
 C = Inter-level travel time spent in this place.
 D = Time resting spent in this place.
 E = Time spent auto-exploring this place.
 F = Levels seen in this place.
 G = Mean time per level.
                   A        B        C        D        E       F      G
               +--------+--------+--------+--------+--------+-----+--------+
         Total |  15719 |  15139 |    580 |   1176 |  11255 |  19 |  827.3 |
       Dungeon |   9875 |   9502 |    373 |    674 |   7352 |  10 |  987.5 |
        Temple |    122 |    105 |     17 |      0 |     55 |   1 |  122.0 |
          Lair |   4786 |   4597 |    189 |    164 |   3567 |   5 |  957.2 |
         Abyss |      7 |      7 |      0 |      0 |      0 |   1 |    7.0 |
       Volcano |    377 |    377 |      0 |      0 |    224 |   1 |  377.0 |
      Gauntlet |    550 |    550 |      0 |    338 |     57 |   1 |  550.0 |
               +--------+--------+--------+--------+--------+-----+--------+

Top non-repeatable levels by time:
     D:3: 1790 daAuts
     D:2: 1720 daAuts
  Lair:3: 1211 daAuts
     D:1: 1183 daAuts
  Lair:2: 1162 daAuts
  Lair:4: 997 daAuts
     D:7: 989 daAuts
     D:8: 938 daAuts
     D:4: 874 daAuts
     D:9: 855 daAuts
  Lair:1: 813 daAuts
     D:6: 788 daAuts
  Lair:5: 602 daAuts
Gauntlet: 550 daAuts
     D:5: 449 daAuts
